 Dungeon Crawl Stone Soup version 0.29-a0-352-g0917bc69df (webtiles) character file.

Game seed: 13510842800152145048

82211 Shayle the Zephyrmancer (level 15, -12/94 HPs)
             Began as a Tengu Brigand on Apr 24, 2022.
             Was a Believer of Ashenzari.
             Mangled by a spriggan defender skeleton (15 damage)
             ... led by a necromancer
             ... on level 5 of the Abyss.
             The game lasted 02:29:34 (33791 turns).

Shayle the Zephyrmancer (Tengu Brigand)            Turns: 33791, Time: 02:29:36

Health: -12/94     AC: 20    Str: 12    XL:     15   Next: 73%
Magic:  25/29      EV: 19    Int: 17    God:    Ashenzari [**....]
Gold:   2841       SH:  7    Dex: 17    Spells: 7/32 levels left

rFire   + . .      SeeInvis +   O - +4 trident (elec)
rCold   + . .      Faith    .   M - +2 buckler
rNeg    . . .      Spirit   .   G - +2 robe {rC+ rF+}
rPois   +          Reflect  .   e - +2 hat of the Sublime Skepticism {Melee, Self} (curse)
rElec   .          Harm     .   c - +2 cloak
rCorr   .          Rampage  .   o - +2 pair of gloves of Supernal Knowledge {Comp, Alch} (curse)
Will    +....                   (boots unavailable)
Stlth   +++++.....              (no amulet)
HPRegen 0.25/turn               h - ring "Sybil of the Bound Seer" {rPois, Bglg, Elem} (curse)
MPRegen 0.21/turn               f - ring of the Tortoise {AC+8}

@: flying quickly and evasively, quick
A: beak, talons 3, nimble flight, claws 1, sturdy frame 1
a: Renounce Religion, Curse Item, Shatter the Chains


You were on level 5 of the Abyss.
You worshipped Ashenzari.
Ashenzari was pleased with you.
You visited 4 branches of the dungeon, and saw 23 of its levels.
You visited the Abyss 1 time.

You collected 3045 gold pieces.
You spent 204 gold pieces at shops.

Inventory:

Hand Weapons
 a - a +2 dagger
 O - a +4 trident of electrocution (weapon)
Missiles
 b - 6 silver boomerangs
 d - 50 poisoned darts
 H - 6 curare-tipped darts (quivered)
 L - a throwing net
Armour
 c - a +2 cloak (worn)
 e - the cursed +2 hat of the Sublime Skepticism (worn) {Melee, Self}
   (You took it off Gastronok on level 8 of the Dungeon)

   It has a curse which improves the following skills: Melee Combat: Short
   Blades, Long Blades, Axes, Maces & Flails, Polearms, Staves and Unarmed
   Combat.
   Introspection: Fighting and Spellcasting.
 o - the cursed +2 pair of gloves of Supernal Knowledge (worn) {Comp, Alch}
   (You found it on level 4 of the Dungeon)

   It has a curse which improves the following skills: Companions: Summonings
   and Necromancy.
   Alchemy:   Poison Magic and Transmutations.
 p - a +2 leather armour of fire resistance
 G - a +2 robe of resistance (worn)
 M - a +2 buckler (worn)
 T - +0 acid dragon scales
Jewellery
 f - the ring of the Tortoise (right hand) {AC+8}
   (You found it on level 6 of the Lair of Beasts)

   [ring of protection]

   AC:        It affects your AC (+8).
 h - the cursed ring "Sybil of the Bound Seer" (left hand) {rPois, Bglg, Elem}
   (You found it on level 1 of the Dungeon)

   [ring of poison resistance]

   rPois:     It protects you from poison.
   It has a curse which improves the following skills: Beguiling: Conjurations,
   Hexes and Translocations.
   Elements:  Fire Magic, Ice Magic, Air Magic and Earth Magic.
 j - the ring "Jiuta" {MP+9 Slay+5}
   (You took it off Sonja on level 2 of the Lair of Beasts)

   [ring of magical power]

   Slay:      It affects your accuracy & damage with ranged weapons and melee
   (+5).
   MP:        It affects your magic capacity (+9).
 n - a +6 ring of strength
 x - a +6 ring of dexterity
 D - an amulet of regeneration
 P - a ring of protection from fire
 R - a ring of resist corrosion
 V - an amulet of magic regeneration
 W - a +4 ring of slaying
Wands
 y - a wand of paralysis (6)
 B - a wand of iceblast (29)
 F - a wand of flame (10)
 I - a wand of polymorph (6)
 J - a wand of charming (7)
 K - a wand of mindburst (3)
Scrolls
 i - 3 scrolls of identify
 m - 4 scrolls of teleportation
 q - 2 scrolls of fog
 s - a scroll of brand weapon
 u - 2 scrolls of amnesia
 Q - 2 scrolls of magic mapping
 S - a scroll of fear
 U - a scroll of summoning
Potions
 g - 2 potions of brilliance
 k - a potion of haste
 l - 4 potions of mutation
 r - 3 potions of curing
 t - 2 potions of berserk rage
 v - 2 potions of cancellation
 w - a potion of magic
 z - 2 potions of resistance
 A - 5 potions of attraction
 C - 2 potions of lignification
 E - a potion of heal wounds
 N - 2 potions of invisibility


   Skills:
 + Level 9.8(11.1) Fighting
 - Level 2.1(3.1) Short Blades
 + Level 4.1(5.3) Polearms
 - Level 2.0 Throwing
 - Level 5.3 Armour
 - Level 8.0 Dodging
 - Level 10.4 Stealth
 - Level 4.0 Shields
 + Level 7.8(9.1) Spellcasting
 - Level 11.5(12.7) Conjurations
 + Level 2.1(3.1) Hexes
 + Level 0.0(0.1) Necromancy
 + Level 6.8(8.0) Transmutations
 - Level 8.8(10.1) Fire Magic
 + Level 6.5(7.7) Ice Magic
 - Level 11.6(12.8) Air Magic
 + Level 1.2(2.1) Earth Magic
 - Level 9.2(10.4) Poison Magic


You had 7 spell levels left.
You knew the following spells:

 Your Spells              Type           Power      Damage    Failure   Level
a - Mephitic Cloud        Conj/Pois/Air  48%        N/A       1%          3
b - Ignite Poison         Fire/Tmut/Pois 40%        N/A       1%          3
c - Airstrike             Air            25%        N/A       1%          4
d - Freezing Cloud        Conj/Ice/Air   22%        6-21      3%          5
e - Fulminant Prism       Conj/Hex       17%        3d11      4%          4
f - Iron Shot             Conj/Erth      16%        9d4       65%         6

Your spell library contained the following spells:

 Spells                   Type           Power      Damage    Failure   Level
 Corpse Rot               Necr/Air       58%        N/A       1%          2
 Ensorcelled Hibernation  Hex/Ice        52%        N/A       1%          2
 Spider Form              Tmut/Pois      39%        N/A       1%          3
 Lightning Bolt           Conj/Air       25%        1d41      1%          5
 Slow                     Hex            72%        N/A       3%          1
 Iskenderun's Mystic Bla  Conj/Tloc      29%        2d7       9%          4
 Summon Lightning Spire   Summ/Air       29%        N/A       9%          4
 Confusing Touch          Hex            18%        N/A       10%         3
 Blade Hands              Tmut           17%        N/A       12%         5
 Petrify                  Tmut/Erth      25%        N/A       14%         4
 Gell's Gravitas          Tloc           8%         N/A       32%         3
 Teleport Other           Tloc           8%         N/A       32%         3
 Vampiric Draining        Necr           8%         2d6       32%         3
 Metabolic Englaciation   Hex/Ice        13%        N/A       34%         5
 Anguish                  Hex/Necr       6%         N/A       52%         4
 Animate Armour           Summ/Erth      22%        N/A       58%         4
 Dispel Undead            Necr           8%         3d8       73%         4
 Lee's Rapid Deconstruct  Erth           7%         3d8*      80%         5
 Statue Form              Tmut/Erth      16%        N/A       92%         6
 Death Channel            Necr           4%         N/A       100%        6
 Dispersal                Tloc           4%         N/A       100%        6


Dungeon Overview and Level Annotations

Branches:
Dungeon (14/15)            Temple (1/1) D:4            Lair (6/6) D:8
 Shoals (0/4) Lair:2        Snake (0/4) Lair:3        Slime (0/5) Lair:6
    Orc (2/2) D:11            Elf (0/3) Orc:2        Vaults (0/5) D:13

Altars:
Ashenzari
Cheibriados
Dithmenos
Elyvilon
Fedhas
Gozag
Hepliaklqana
Kikubaaqudgha
Makhleb
Nemelex Xobeh
Okawaru
Qazlal
Ru
Sif Muna
Trog
Uskayaw
Vehumet
Wu Jian
Xom
Yredelemnul
Zin
The Shining One
Beogh
Jiyva

Shops:
D:5 !   Orc:2 (?(:

Annotations:
D:13 3 runed translucent doors, Fyzyjia Apiu's ghost, journeyman VSAK; Nialiw's ghost, journeyman GnHu


Innate Abilities, Weirdness & Mutations

You have a beak for a mouth.
You have claws for feet.
Your magical nature lets you fly swiftly and evasively.
You have sharp fingernails.
Your movements are slightly less encumbered by armour. (ER -2)


Message History

Okay, then.
Okay, then.
You feel protected.
You are engulfed in freezing vapours.
You resist.
* * * LOW HITPOINT WARNING * * *
You are engulfed in freezing vapours.
You resist.
* * * LOW HITPOINT WARNING * * *
You are engulfed in freezing vapours.
You resist.
* * * LOW HITPOINT WARNING * * *
You are engulfed in freezing vapours.
You resist.
* * * LOW HITPOINT WARNING * * *
You start resting.
Magic restored.
You start resting.
You start to feel less resistant.
You start resting.
Your resistance to elements expires.
A spriggan defender skeleton and a naga warrior zombie come into view.
Reach: O) +4 trident (elec)
Press: ? - help, Dir - move target, f - spriggan defender skeleton
Aim: a spriggan defender skeleton (about 44% to evade your +4 trident of electrocution)
You reach to attack!
You puncture the spriggan defender skeleton!
The spriggan defender skeleton is lightly damaged.
You barely miss the spriggan defender skeleton.
The spriggan defender skeleton is lightly damaged.
The spriggan defender skeleton hits you.
* * * LOW HITPOINT WARNING * * *
The spriggan defender skeleton hits you!
* * * LOW HITPOINT WARNING * * *
Unknown command.
Casting: Freezing Cloud (dangerous; 3% risk of failure)
Confirm with . or Enter, or press ? or * to list all spells.
Aiming: Airstrike (mildly dangerous; 1% risk of failure)
Press: ? - help, Dir - move target, f/p - spriggan defender skeleton
Aim: a spriggan defender skeleton (lightly damaged, empty space bonus: 3/8)
The air twists around and strikes the spriggan defender skeleton!
The spriggan defender skeleton is moderately damaged.
The spriggan defender skeleton hits you!
You die...

*.. . # # # ,#.
, ..# ###.#. .
##≈# * .#
.Z#.#*,...♣* ,
. . *...###...≈
* ,
*##Z#,........#
# #..###....# ≈
, . #Z.....# *,
, * . .#.#
#Z#.#.# #, ,
..#@#. *. *
######*# *,, **
* , ** ** , * ,
*, , * , , , ,
, , * , ,* , *
, ,


You could see a naga warrior zombie and a spriggan defender skeleton.

Vanquished Creatures
  Gastronok (D:8)
  Nessos (Lair:4)
  Snorg (Lair:4)
  An ice dragon (Lair:6)
  4 hydras
  4 ogre magi (Orc:2)
  A boulder beetle (Lair:3)
  Erica (D:8)
  2 catoblepae
  2 two-headed ogres
  A centaur warrior (D:10)
  6 death yaks (Lair:6)
  Urug (D:10)
  Nergalle (Orc:2)
  Sonja (Lair:2)
  A goliath frog (Lair:6)
  3 skeletal warriors (D:11)
  A deep troll (Lair:4)
  A necromancer (D:13)
  5 orc sorcerers (Orc:2)
  4 cyclopes (D:12)
  22 elephants
  2 manticores
  A smoke demon (Abyss:5)
  9 black mambas
  Maggie (Lair:1)
  13 komodo dragons
  2 unseen horrors
  An efreet (D:11)
  A torpor snail (Lair:6)
  10 rime drakes
  22 cane toads
  6 polar bears
  5 trolls
  3 hornets
  30 blink frogs
  3 tyrant leeches (Lair:6)
  7 dream sheep (Lair:2)
  2 wyverns
  2 vampires (D:13)
  63 yaks
  A shadow (D:9)
  3 wraiths
  Eustachio (D:4)
  2 basilisks (Lair:6)
  11 vampire mosquitoes
  5 steam dragons
  A warg (Orc:2)
  A naga (Lair:3)
  3 acid dragons
  15 water moccasins
  16 orc warriors
  3 ice beasts
  2 black bears (D:8)
  A sky beast (D:7)
  8 ogres
  21 wolves
  2 centaurs
  A phantom (D:6)
  2 kobold brigands (D:8)
  13 bullfrogs
  5 necrophages
  A gnoll sergeant (D:8)
  3 scorpions
  18 killer bees
  6 howler monkeys
  4 electric eels
  6 hounds
  A gnoll shaman (D:9)
  9 orc priests
  4 iguanas
  30 orc wizards
  11 gnolls
  8 adders
  6 white imps
  4 worms
  3 dart slugs
  78 orcs
  9 bats
  8 endoplasms
  4 giant cockroaches
  12 goblins
  8 hobgoblins
  4 jackals (D:4)
  3 quokkas
  5 ball pythons
  24 kobolds
  8 rats
  A bush (Lair:5)
643 creatures vanquished.

Vanquished Creatures (collateral kills)
  A killer bee (D:9)
1 creature vanquished.

Vanquished Creatures (others)
  2 orcs (D:8)
  A bush (Lair:4)
  6 fulminant prisms
  69 fungi
  141 plants
219 creatures vanquished.

Grand Total: 863 creatures vanquished

Notes
Turn   | Place    | Note
-------+----------+-------------------------------------------
     0 | D:1      | Shayle the Tengu Brigand began the quest for the Orb.
     0 | D:1      | Reached XP level 1. HP: 12/12 MP: 2/2
    70 | D:1      | Reached XP level 2. HP: 17/17 MP: 3/3
   488 | D:1      | Reached XP level 3. HP: 19/22 MP: 4/4
   686 | D:1      | Found a faded altar of an unknown god.
   915 | D:2      | Reached XP level 4. HP: 17/27 MP: 5/5
  1706 | D:3      | Learned a level 3 spell: Mephitic Cloud
  1835 | D:3      | Noticed a necrophage
  1852 | D:3      | Gained mutation: You have hidden genetic defects. [potion
                  | of mutation]
  1852 | D:3      | Gained mutation: You have sharp fingernails. [potion of
                  | mutation]
  1912 | D:3      | Killed a necrophage
  1913 | D:3      | Reached skill level 1 in Conjurations
  1913 | D:3      | Reached skill level 1 in Air Magic
  1913 | D:3      | Gained mutation: Your magical nature lets you fly swiftly
                  | and evasively. [Tengu growth]
  1913 | D:3      | Reached XP level 5. HP: 25/32 MP: 5/7
  1914 | D:3      | Gained mutation: You are frail. (-10% HP) [hidden defects]
  2115 | D:3      | Reached skill level 1 in Spellcasting
  2137 | D:3      | Gained mutation: Your magical capacity is low. (-10% MP)
                  | [hidden defects]
  2137 | D:3      | Lost mutation: You have hidden genetic defects. [hidden
                  | defects expressed]
  2259 | D:4      | Noticed an ogre
  2261 | D:4      | Killed an ogre
  2262 | D:4      | Reached skill level 5 in Stealth
  2262 | D:4      | Reached skill level 1 in Poison Magic
  2262 | D:4      | Reached XP level 6. HP: 33/33 MP: 6/8
  2324 | D:4      | Found a staircase to the Ecumenical Temple.
  2351 | Temple   | Entered the Ecumenical Temple
  2577 | Temple   | Became a worshipper of Ashenzari the Shackled
  2732 | D:4      | Reached XP level 7. HP: 37/37 MP: 9/9
  3083 | D:4      | Noticed Eustachio
  3097 | D:4      | Killed Eustachio
  3556 | D:5      | Entered Level 5 of the Dungeon
  3951 | D:5      | Reached XP level 8. HP: 28/43 MP: 11/11
  4908 | D:5      | Found Akumoytzora's Distillery.
  4911 | D:5      | Bought a potion of attraction for 36 gold pieces
  4911 | D:5      | Bought a potion of mutation for 96 gold pieces
  4911 | D:5      | Bought a potion of lignification for 36 gold pieces
  4911 | D:5      | Bought a potion of curing for 36 gold pieces
  4956 | D:5      | Lost mutation: Your magical capacity is low. (-10% MP)
                  | [potion of mutation]
  4956 | D:5      | Lost mutation: You are frail. (-10% HP) [potion of
                  | mutation]
  4956 | D:5      | Gained mutation: Your movements are slightly less
                  | encumbered by armour. (ER -2) [potion of mutation]
  5396 | D:6      | Learned a level 3 spell: Ignite Poison
  5494 | D:6      | Reached skill level 5 in Fighting
  5660 | D:6      | Reached skill level 5 in Air Magic
  5689 | D:6      | Reached XP level 9. HP: 44/54 MP: 14/14
  5921 | D:6      | Reached skill level 5 in Conjurations
  6250 | D:7      | Reached skill level 5 in Dodging
  6667 | D:7      | Reached skill level 1 in Fire Magic
  6743 | D:7      | Reached * piety under Ashenzari
  7336 | D:8      | Found a staircase to the Lair.
  7615 | Lair:1   | Entered Level 1 of the Lair of Beasts
  7615 | Lair:1   | Noticed Gastronok
  7617 | Lair:1   | Noticed a komodo dragon
  7807 | D:8      | Noticed Erica
  7824 | D:8      | Killed Erica
  7825 | D:8      | Reached XP level 10. HP: 24/61 MP: 13/18
  8966 | D:8      | Learned a level 4 spell: Airstrike
  9066 | D:9      | Reached skill level 1 in Transmutations
  9264 | D:9      | Reached skill level 5 in Poison Magic
  9555 | D:9      | Reached skill level 1 in Shields
  9714 | D:9      | Noticed a moth of wrath
  9721 | D:9      | Found a bloodstained altar of Trog.
 10080 | D:9      | Reached XP level 11. HP: 67/67 MP: 16/20
 10103 | D:9      | Reached skill level 5 in Spellcasting
 10766 | D:8      | Learned a level 5 spell: Freezing Cloud
 10790 | D:8      | HP: 3/67 [Gastronok/the air (29)]
 10793 | D:8      | Killed Gastronok
 11033 | Lair:1   | Noticed Maggie
 11054 | Lair:1   | Killed Maggie
 11094 | Lair:1   | Reached skill level 1 in Ice Magic
 11697 | Lair:1   | Reached skill level 5 in Fire Magic
 12389 | Lair:2   | Reached XP level 12. HP: 72/73 MP: 17/22
 13768 | Lair:2   | Identified the ring "Jiuta" {MP+9 Slay+5}
 13768 | Lair:2   | Noticed Sonja
 13771 | Lair:2   | Killed Sonja
 14394 | Lair:2   | Found a staircase to the Shoals.
 14860 | Lair:3   | Found a staircase to the Snake Pit.
 14948 | Lair:3   | Noticed a boulder beetle
 14967 | Lair:3   | Killed a boulder beetle
 15068 | Lair:3   | Reached skill level 1 in Armour
 15555 | Lair:2   | Reached XP level 13. HP: 64/79 MP: 18/24
 16484 | Lair:3   | Identified the +1 scale mail "Seqout" {rElec rF- rCorr
                  | Int+4}
 16799 | Lair:4   | Noticed Nessos
 16933 | Lair:4   | Killed Nessos
 17755 | Lair:4   | Reached skill level 5 in Transmutations
 17879 | Lair:4   | Noticed Snorg
 17887 | Lair:4   | Killed Snorg
 18594 | Lair:4   | Identified a scroll of acquirement
 18721 | Lair:6   | Entered Level 6 of the Lair of Beasts
 18749 | Lair:5   | Acquired 536 gold pieces
 18926 | Lair:5   | Reached skill level 10 in Air Magic
 18970 | Lair:4   | Reached skill level 1 in Polearms
 19171 | Lair:5   | Reached skill level 10 in Conjurations
 19789 | Lair:5   | Reached XP level 14. HP: 86/86 MP: 27/27
 20898 | Lair:5   | Reached skill level 10 in Stealth
 21176 | Lair:5   | Reached skill level 5 in Ice Magic
 23264 | Lair:6   | Found the ring of the Tortoise {AC+8}
 23747 | Lair:6   | Found a viscous altar of Jiyva.
 23747 | Lair:6   | Found a staircase to the Slime Pits.
 24229 | Lair:6   | Reached skill level 5 in Armour
 24630 | Lair:6   | Reached XP level 15. HP: 90/90 MP: 9/27
 25530 | D:10     | Entered Level 10 of the Dungeon
 25531 | D:10     | Noticed Urug
 25537 | D:10     | Killed Urug
 26503 | D:11     | Learned a level 4 spell: Fulminant Prism
 26689 | D:11     | Found a staircase to the Orcish Mines.
 26691 | D:11     | Identified the +0 kite shield of Pride {rF+ Will- Stlth+}
 27201 | Orc:1    | Entered Level 1 of the Orcish Mines
 27931 | Orc:2    | Entered Level 2 of the Orcish Mines
 28389 | Orc:2    | Found a staircase to the Elven Halls.
 28842 | Orc:2    | Reached skill level 1 in Hexes
 28974 | Orc:2    | Found an ancient bone altar of Kikubaaqudgha.
 28975 | Orc:2    | Noticed Nergalle
 28977 | Orc:2    | Paralysed by an orc sorcerer for 4 turns
 28984 | Orc:2    | Killed Nergalle
 29204 | Orc:2    | Found Woinkot's Antique Weapon Boutique.
 29308 | Orc:2    | Found a radiant altar of Vehumet.
 29814 | Orc:2    | Found Nuis's Antique Weapon Shop.
 29822 | Orc:2    | Found Giad Bibb's Magic Scroll Boutique.
 29885 | Orc:2    | Found Geafaj's Book Boutique.
 30788 | D:12     | Learned a level 6 spell: Iron Shot
 31052 | D:12     | Reached ** piety under Ashenzari
 32244 | D:13     | Reached skill level 1 in Earth Magic
 32437 | D:13     | Found a gate to the Vaults.
 33175 | D:13     | Found a runed translucent gate.
 33175 | D:13     | Found a runed translucent gate.
 33175 | D:13     | Found a runed translucent gate.
 33265 | D:13     | Noticed Fyzyjia Apiu's ghost (journeyman VSAK)
 33266 | D:13     | Noticed Nialiw's ghost (journeyman GnHu)
 33267 | D:13     | Identified the Incunabulum of Dusty Transformation
 33536 | D:14     | Cast into level 2 of the Abyss (a wizard)
 33536 | Abyss:2  | Found a corrupted altar of Lugonu.
 33583 | Abyss:2  | Noticed a balrug
 33640 | Abyss:3  | Noticed a revenant
 33654 | Abyss:5  | Entered Level 5 of the Abyss
 33654 | Abyss:5  | Found a corrupted altar of Lugonu.
 33790 | Abyss:5  | HP: 3/94 [spriggan defender skeleton[a necromancer] (17)]
 33791 | Abyss:5  | Mangled by a spriggan defender skeleton

Illustrated notes

Levels and vault maps discovered:
D:1:      matt_arrival_spirals, layout_basic, basic_ecumenical_altar
D:2:      layout_basic
D:3:      corexii_shack_village, layout_rooms
D:4:      layout_basic, minmay_temple_entry_slanted, uniq_eustachio
D:5:      layout_basic, serial_shops, shop, minmay_misc_feat_rugged
D:6:      layout_cave_pools, st_stairs_9
D:7:      layout_loops_corners
D:8:      layout_basic, grunt_lair_entry_orc_guard_hut, uniq_erica
D:9:      layout_roguey, tgw_trog, minmay_increasing_density
D:10:     layout_rooms, lemuel_old_faithful, uniq_urug
D:11:     layout_roguey, david_orc_5
D:12:     layout_loops_corners
D:13:     layout_stronghold, david_vaults_1, gammafunk_ghost_cemetery,
          hangedman_decor_slide_cut
D:14:     evilmike_diamond_2, layout_rooms, uniq_josephine
Temple:   mainiacjoe_temple_hex_bubbles
Lair:1:   layout_gridlike, lemuel_fruit_tree, uniq_gastronok, uniq_maggie
Lair:2:   layout_chaotic_city, elwin_shoals_entry_rocks,
          bobbens_dragon_lair_wall, uniq_sonja
Lair:3:   layout_cellular_growth, guppyfry_snake_entry_island,
          grunt_megastairs_3, serial_bayou_shore_a
Lair:4:   dreamdust_cave_troll, layout_hall_layers, guppyfry_lair_drakes,
          uniq_snorg, uniq_nessos
Lair:5:   layout_cave_pods
Lair:6:   minmay_lair_end_frog_pond, layout_gridlike,
          dpeg_slime_entry_enclosed_altar, nicolae_quartered_pool_impasse,
          fungi_pond_lemuel, bobbens_ice_dragon_lair
Orc:1:    layout_caves
Orc:2:    kennysheep_orc_mage_school, layout_diamond_mine
Abyss:5:  base: Temple, evilmike_abyss_exit_17, due_exit_kobolds,
          hangedman_abyss_rune_macabre_mess, evilmike_abyss_exit_6,
          hangedman_decor_peaks_small

Skill      XL: |  1  2  3  4  5  6  7  8  9 10 11 12 13 14 15 |
---------------+----------------------------------------------+-----
Dodging        | 2 3 4 5 6 7 8 |  8.0
Fighting       | 3 4 5 6 7 8 9 |  9.8
Conjurations   | 1 2 3 4 6 7 8 9 10 11 | 11.5
Air Magic      | 1 2 3 5 6 7 8 9 10 11 | 11.6
Spellcasting   | 1 2 3 4 5 6 7 |  7.8
Stealth        | 5 6 7 8 9 10 | 10.4
Poison Magic   | 1 2 3 4 5 6 7 8 9 |  9.2
Fire Magic     | 2 4 5 6 7 8 |  8.8
Transmutations | 2 3 4 5 6 |  6.8
Shields        | 1 3 4 |  4.0
Ice Magic      | 2 3 4 5 6 |  6.5
Armour         | 1 3 5 |  5.3
Polearms       | 1 4 |  4.1
Hexes          | 2 |  2.1
Earth Magic    | 1 |  1.2
Short Blades   | |  2.1
Throwing       | |  2.0

Action                   |  1- 3 |  4- 6 |  7- 9 | 10-12 | 13-15 || total
-------------------------+-------+-------+-------+-------+-------++-------
Melee: Dagger            |    81 |    59 |       |       |       ||   140
       Peck              |    12 |     8 |    51 |    77 |   120 ||   268
       Kick              |    14 |    29 |    83 |   118 |   193 ||   437
       Punch             |     2 |     2 |       |     1 |       ||     5
       Halberd           |       |    56 |   292 |    42 |       ||   390
       Trident           |       |       |       |   280 |   506 ||   786
Throw: Dart              |       |       |     9 |    10 |     1 ||    20
 Cast: Mephitic Cloud    |       |       |    13 |    62 |   120 ||   195
       Ignite Poison     |       |       |     5 |    42 |    63 ||   110
       Airstrike         |       |       |       |    52 |    97 ||   149
       Freezing Cloud    |       |       |       |     2 |   145 ||   147
       Fulminant Prism   |       |       |       |       |     6 ||     6
Invok: Curse Item        |       |       |     2 |       |     2 ||     4
       Shatter the Chain |       |       |       |       |     1 ||     1
Evoke: Wand              |       |       |       |    14 |     3 ||    17
  Use: Scroll            |     4 |     2 |     8 |     6 |    10 ||    30
       Potion            |       |     3 |     3 |     3 |     5 ||    14
 Stab: Sleeping          |     3 |     2 |     9 |     5 |     3 ||    22
       Confused          |       |       |     4 |    17 |    30 ||    51
       Paralysed         |       |       |       |     8 |       ||     8
       Distracted        |       |       |       |       |     1 ||     1
Armor: Robe              |     1 |       |       |    61 |   159 ||   221
       Ring mail         |    38 |    50 |    35 |       |       ||   123
       Leather armour    |       |       |   111 |    34 |       ||   145
Dodge: Dodged            |    43 |    66 |   343 |   317 |   423 ||  1192
Block: Buckler           |       |       |       |   114 |   206 ||   320

Table legend: (Time is in decaauts)
 A = Elapsed time spent in this place.
 B = Non-inter-level travel time spent in this place.
 C = Inter-level travel time spent in this place.
 D = Time resting spent in this place.
 E = Time spent auto-exploring this place.
 F = Levels seen in this place.
 G = Mean time per level.
                   A        B        C        D        E       F      G
               +--------+--------+--------+--------+--------+-----+--------+
         Total |  32802 |  31384 |   1418 |  11803 |  12650 |  27 | 1214.9 |
       Dungeon |  15214 |  14706 |    508 |   3617 |   7686 |  14 | 1086.7 |
        Temple |    239 |    207 |     32 |      0 |    197 |   1 |  239.0 |
          Lair |  14085 |  13327 |    758 |   6550 |   3987 |   6 | 2347.5 |
  Orcish Mines |   3018 |   2899 |    119 |   1496 |    779 |   2 | 1509.0 |
         Abyss |    245 |    245 |      0 |    140 |      0 |   4 |   61.2 |
               +--------+--------+--------+--------+--------+-----+--------+

Top non-repeatable levels by time:
  Lair:5: 4069 daAuts
  Lair:2: 2657 daAuts
  Lair:6: 2421 daAuts
   Orc:2: 2307 daAuts
     D:8: 2249 daAuts
  Lair:4: 1778 daAuts
  Lair:1: 1707 daAuts
     D:9: 1490 daAuts
  Lair:3: 1450 daAuts
     D:5: 1398 daAuts
    D:12: 1384 daAuts
    D:13: 1273 daAuts
     D:7: 1228 daAuts
    D:11: 1211 daAuts
     D:4: 1007 daAuts
